 Dungeon Crawl Stone Soup version 0.28.0 (webtiles) character file.

Game seed: 15458771781243427194

32550 ProzacElf the Grappler (level 13, -4/133 HPs)
             Began as a Troll Delver on Feb 14, 2022.
             Was a High Priest of Qazlal.
             Slain by a boulder beetle (11 damage)
             ... on level 6 of the Lair of Beasts.
             The game lasted 00:37:40 (12899 turns).

ProzacElf the Grappler (Troll Delver)              Turns: 12899, Time: 00:37:41

Health: -4/133     AC: 10    Str: 31    XL:     13   Next: 32%
Magic:  20/20      EV: 11    Int:  6    God:    Qazlal [*****.]
Gold:   669        SH:  6    Dex: 13    Spells: 12/12 levels left

rFire   . . .      SeeInvis .     - Unarmed
rCold   + . .      Faith    .   (no shield)
rNeg    . . .      Spirit   .   J - +2 robe {Will+}
rPois   .          Reflect  .   (helmet restricted)
rElec   .          Harm     .   D - +0 cloak
rCorr   .          Rampage  .   (gloves unavailable)
Will    +....                   (boots unavailable)
Stlth   +.........              (no amulet)
HPRegen 1.12/turn               l - ring of protection from cold
MPRegen 0.17/turn               G - +6 ring of strength

@: protected from physical damage, repel missiles
A: large, unfitting armour, claws 3, regeneration 1, shaggy fur 1, tough skin 1
a: Renounce Religion, Upheaval, Elemental Force, Disaster Area


You were on level 6 of the Lair of Beasts.
You worshipped Qazlal.
Qazlal was extremely pleased with you.
You visited 3 branches of the dungeon, and saw 16 of its levels.
You also visited: Sewer.

You collected 747 gold pieces.
You spent 78 gold pieces at shops.

Inventory:

Hand Weapons
 b - a +0 giant club
 j - a +2 hunting sling of freezing
 K - a +1 flail of draining
Missiles
 i - 8 poisoned darts
 s - 3 javelins (quivered)
 w - a throwing net
 H - 5 datura-tipped darts
 X - 2 boomerangs
Armour
 D - a +0 cloak (worn)
 J - a +2 robe of willpower (worn)
 P - +0 acid dragon scales
Magical Staves
 v - a staff of cold
Jewellery
 l - a ring of protection from cold (left claw)
 u - a ring of magical power
 C - a +6 ring of strength
 G - a +6 ring of strength (right claw)
 L - a +6 ring of strength
Wands
 f - a wand of digging (3)
 I - a wand of charming (2)
 O - a wand of iceblast (24)
 R - a wand of acid (16)
Scrolls
 a - 2 scrolls of fog
 c - 2 scrolls of magic mapping
 d - 2 scrolls of fear
 g - 2 scrolls of summoning
 h - 2 scrolls of enchant armour
 k - 2 scrolls of torment
 o - 2 scrolls of vulnerability {unknown}
 q - 8 scrolls of teleportation
 x - a scroll of amnesia {unknown}
 y - 2 scrolls of immolation
 B - a scroll of identify
 N - 4 scrolls of noise
 S - a scroll of silence
 W - 2 scrolls of blinking {unknown}
 Y - a scroll of holy word
Potions
 e - 2 potions of haste
 m - 4 potions of flight
 n - 4 potions of curing
 p - 2 potions of berserk rage
 r - 2 potions of might
 t - 2 potions of heal wounds
 z - 2 potions of ambrosia {!e}
 A - a potion of brilliance
 F - 2 potions of attraction
 Q - a potion of mutation
 T - a potion of magic
 U - a potion of invisibility
 V - 4 potions of lignification


   Skills:
 - Level 10.0 Fighting
 - Level 5.0 Dodging
 - Level 3.0 Stealth
 + Level 13.3 Unarmed Combat
 + Level 11.8 Invocations
 - Level 5.0 Evocations


You had 12 spell levels left.
You didn't know any spells.
Your spell library contained the following spells:

 Spells                   Type           Power      Damage    Failure   Level
 Summon Small Mammal      Summ           0%         N/A       45%         1
 Static Discharge         Conj/Air       0%         N/A       58%         2
 Call Canine Familiar     Summ           0%         N/A       83%         3
 Conjure Flame            Conj/Fire      0%         6-21      83%         3
 Gell's Gravitas          Tloc           0%         N/A       83%         3
 Ignite Poison            Fire/Tmut/Pois 0%         N/A       83%         3
 Lesser Beckoning         Tloc           0%         N/A       83%         3
 Summon Guardian Golem    Hex/Summ       0%         N/A       83%         3
 Teleport Other           Tloc           0%         N/A       83%         3
 Tukima's Dance           Hex            0%         N/A       83%         3
 Anguish                  Hex/Necr       0%         N/A       99%         4
 Animate Armour           Summ/Erth      0%         N/A       99%         4
 Dispel Undead            Necr           0%         3d6       99%         4
 Sticky Flame             Conj/Fire      0%         2d3       99%         4
 Blade Hands              Tmut           0%         N/A       100%        5
 Iron Shot                Conj/Erth      0%         9d1       100%        6
 Enfeeble                 Hex            0%         N/A       100%        7


Dungeon Overview and Level Annotations

Branches:
Dungeon (9/15)             Temple (1/1) D:6            Lair (6/6) D:8
 Shoals (0/4) Lair:2       Spider (0/4) Lair:3        Slime (0/5) Lair:5
    Orc (0/2) D:9           Sewer (visited)

Altars:
Ashenzari
Cheibriados
Dithmenos
Elyvilon
Fedhas
Gozag
Hepliaklqana
Kikubaaqudgha
Makhleb
Nemelex Xobeh
Okawaru
Qazlal
Ru
Sif Muna
Trog
Uskayaw
Vehumet
Wu Jian
Xom
Yredelemnul
Zin
The Shining One

Shops:
D:8 *

Annotations:
Lair:1 3 runed translucent doors, Koity's ghost, journeyman GrFi


Innate Abilities, Weirdness & Mutations

You are too large for most types of armour.
You have claws for hands.
Your natural rate of healing is unusually fast.
You are covered in fur. (AC +1)
You have tough skin. (AC +1)


Message History

Ye feel more protected from physical attacks.
Ye take 4 damage, an' haf 21/133 hp.
Tha rime drake breathas ice at ye.
Tha flash freeze be repelled.
Ye regain'd 2 hp, an' now haf 24/133 hp.
A boulder beetle comes inta view.
Tha six-headed hydra be struck by lightnin'.
Tha boulder beetle curls inta a ball an' begins rollin'!
Somethin' gores tha fungus.
Tha fungus begins ta die.
Tha water moccasin bites ye but does nay damage.
Tha boulder beetle barely misses ye.
Tha boulder beetle stops rollin' an' uncurls.
Tha four-headed hydra be 'ngulfed in blazin' flames.
Tha rime drake breathas ice at ye.
Tha flash freeze be repelled.
Tha boulder beetle bites ye!!
* * * LOW HITPOINT WARNIN'
* * * Tha water moccasin be 'ngulfed in blazin' flames.
Ye take 23 damage, an' haf 6/133 hp.
Ye block tha boulder beetle's attack.
Ye regain'd 2 hp, an' now haf 9/133 hp.
Tha boulder beetle leaps!
Tha rime drake breathas ice at ye.
Tha flash freeze hits ye!
Ye parti'lly resist.
* * * LOW HITPOINT WARNIN'
* * * Ye be encased in ice.
Ye take 9 damage, an' haf 1/133 hp.
Tha boulder beetle curls inta a ball an' begins rollin'!
Tha ice encasin' ye melts away.
Ye regain'd 2 hp, an' now haf 4/133 hp.
Tha rime drake barely misses ye.
As ye read tha scroll labelled AZATWAM MAONIZ, it crumbles ta dust.
Ye hear a loud clangin' noise!
It was a scroll o' noise.
Ye hear a bleat!
Ye hear an angry hiss.
Ye hear a bleat! x2
Tha rime drake closely misses ye.
As ye read tha scroll labelled ISYXUU RUTUOGO, it crumbles ta dust.
Tha creatures around ye be filled wit' an inner flame!
It was a scroll o' immolation.
Ye block tha rime drake's attack.
Tha boulder beetle hits ye!
Ye die...

##...........°............,
##......Y................,,
#.#....≈≈.≈.(............,,
##.....≈≈≈§$.............,,
##....Y≈≈≈≈..............,,
#......≈≈≈≈≈°..........P.,,
###...Y≈§≈≈§°.....!....#,,,
#......§kDB○..........,,,,
#.....SD§@☼..........,,,,,
#.......Y..........,,,,*,,
##....°°..........,,,,,,,,
###......#P#.#..,,,,,,,,,
#...##.####,..≈≈≈≈≈,,,,,
##..P...*,,,,.≈≈≈*≈,,,,,
#...,P...,,,,,≈***≈,,,,,
##.,P...,,,,,,≈***≈,,,,,
*,,,,,,,,,,,,≈≈≈≈≈,,,,,


You could see a boulder beetle (rolling, inner flame), a six-headed hydra (inner
flame), a four-headed hydra (inner flame), 4 yaks, a rime drake (inner flame)
and a water moccasin (inner flame).

Vanquished Creatures
  Snorg (Lair:3)
  A hydra (Lair:4)
  4 catoblepae
  2 death yaks
  2 two-headed ogres (D:9)
  Pikel (D:4)
  The ghost of Clumpoid the Spear-Bearer, a novice DsFi of Xom (D:8)
  2 torpor snails
  3 centaur zombies
  2 black mambas
  5 cane toads
  A rime drake (Lair:4)
  8 komodo dragons
  2 polar bears
  A hornet (D:8)
  5 blink frogs (Lair:5)
  A shadow (D:8)
  2 spriggans (Lair:3)
  43 yaks
  8 wyverns
  2 basilisks
  13 water moccasins
  An acid dragon (D:9)
  6 black bears
  An orc warrior (D:9)
  2 sky beasts (D:6)
  2 ice beasts (D:5)
  4 boggarts (D:9)
  An ogre (D:5)
  14 wolves
  2 necrophages
  A centaur (D:9)
  4 lemures (D:4)
  Blork the orc (D:6)
  11 bullfrogs
  A kobold brigand (D:9)
  5 scorpions
  6 wights
  An electric eel (Lair:5)
  A spectral centaur (D:8)
  2 howler monkeys (D:9)
  A crimson imp (D:9)
  A bullfrog zombie (D:5)
  2 hounds
  A gnoll shaman (D:7)
  Crazy Yiuf (D:7)
  4 iguanas
  5 jellies
  4 orc priests
  Ijyb (D:4)
  9 orc wizards
  A killer bee zombie (D:7)
  5 gnolls (D:7)
  A howler monkey skeleton (D:6)
  10 adders
  A shadow imp (D:6)
  4 white imps
  A howler monkey simulacrum (D:8)
  An adder zombie (D:5)
  7 worms
  2 dart slugs
  32 orcs
  7 ball pythons
  2 bats
  11 endoplasms
  9 giant cockroaches
  16 goblins
  12 hobgoblins
  3 jackals (D:4)
  12 kobolds
  A quokka (D:3)
  4 frilled lizards
  3 rats
350 creatures vanquished.

Vanquished Creatures (others)
  30 fungi
  28 plants
58 creatures vanquished.

Grand Total: 408 creatures vanquished

Notes
Turn   | Place    | Note
-------+----------+-------------------------------------------
     0 | D:5      | ProzacElf the Troll Delver began the quest for the Orb.
     0 | D:5      | Reached XP level 1. HP: 22/22 MP: 0/0
    75 | D:4      | Noticed an iguana
   170 | D:3      | Found a glowing drain.
   187 | Sewer    | Entered a sewer
   205 | Sewer    | Reached XP level 2. HP: 25/29 MP: 1/1
   274 | Sewer    | Noticed Pargi
   306 | Sewer    | Reached XP level 3. HP: 35/36 MP: 2/2
   471 | D:3      | Reached skill level 3 in Unarmed Combat
   488 | D:2      | Reached XP level 4. HP: 43/44 MP: 3/3
   526 | D:1      | Found a faded altar of an unknown god.
   544 | D:1      | Prayed at the altar of an unknown god.
   544 | D:1      | Became a worshipper of Qazlal Stormbringer
   544 | D:1      | Reached * piety under Qazlal
  1194 | D:2      | You fall into a shaft and drop 1 floor!
  1242 | D:2      | Reached skill level 1 in Invocations
  1299 | D:2      | Reached ** piety under Qazlal
  1325 | D:2      | Found a shimmering altar of Xom.
  1703 | D:2      | Reached XP level 5. HP: 40/50 MP: 3/5
  2419 | D:4      | Reached skill level 4 in Unarmed Combat
  2624 | D:4      | Noticed Ijyb
  2635 | D:4      | Killed Ijyb
  2684 | D:4      | Noticed a lemure
  2702 | D:4      | Killed a lemure
  2712 | D:4      | Noticed a lemure
  2728 | D:4      | Killed a lemure
  2735 | D:4      | Noticed a black bear
  2752 | D:4      | Reached XP level 6. HP: 35/59 MP: 6/6
  2872 | D:4      | Reached skill level 5 in Unarmed Combat
  3342 | D:4      | Noticed Pikel
  3355 | D:4      | Killed Pikel
  3356 | D:4      | Reached skill level 6 in Unarmed Combat
  3356 | D:4      | Reached XP level 7. HP: 61/66 MP: 7/9
  3681 | D:5      | Reached skill level 7 in Unarmed Combat
  3681 | D:5      | Reached skill level 5 in Invocations
  3681 | D:5      | Reached XP level 8. HP: 57/74 MP: 9/11
  3798 | D:5      | Reached *** piety under Qazlal
  4586 | D:5      | Reached skill level 8 in Unarmed Combat
  4780 | D:6      | Noticed Blork the orc
  4793 | D:6      | Killed Blork the orc
  4923 | D:6      | Reached XP level 9. HP: 79/80 MP: 13/13
  5125 | D:6      | Reached skill level 9 in Unarmed Combat
  5476 | D:6      | Found a staircase to the Ecumenical Temple.
  5770 | D:7      | Found a runed translucent door.
  5771 | D:7      | Noticed Crazy Yiuf
  5776 | D:7      | Killed Crazy Yiuf
  5812 | D:7      | Found a hide-covered altar of Uskayaw.
  5815 | D:7      | Found a snail-covered altar of Cheibriados.
  5815 | D:7      | Found a glowing silver altar of Zin.
  6181 | Temple   | Entered the Ecumenical Temple
  6429 | D:8      | Found Yvaxasuq's Assorted Antiques.
  6440 | D:8      | Bought a scroll labelled SENYNW ZIARE for 26 gold pieces
  6440 | D:8      | Bought a scroll labelled AZATWAM MAONIZ for 26 gold pieces
  6440 | D:8      | Bought a scroll labelled SENYNW ZIARE for 26 gold pieces
  6459 | D:8      | Reached skill level 10 in Unarmed Combat
  6492 | D:8      | Found a staircase to the Lair.
  6506 | D:8      | Reached **** piety under Qazlal
  6638 | D:8      | Reached XP level 10. HP: 88/88 MP: 15/15
  6678 | D:8      | Reached skill level 12 in Unarmed Combat
  6678 | D:8      | Reached XP level 11. HP: 94/94 MP: 15/18
  6835 | D:8      | Found a runed translucent gate.
  6835 | D:8      | Found a runed translucent gate.
  6835 | D:8      | Found a runed translucent gate.
  6840 | D:8      | Noticed Clumpoid's ghost (novice DsFi)
  6892 | D:8      | Found a shadowy altar of Dithmenos.
  6910 | D:8      | Reached skill level 1 in Evocations
  7259 | D:8      | Killed Clumpoid's ghost
  7631 | D:9      | Noticed a two-headed ogre
  7642 | D:9      | Killed a two-headed ogre
  7738 | D:9      | Noticed a two-headed ogre
  7745 | D:9      | Killed a two-headed ogre
  7961 | D:9      | Found a staircase to the Orcish Mines.
  8054 | D:9      | Found an ancient bone altar of Kikubaaqudgha.
  8325 | Lair:1   | Entered Level 1 of the Lair of Beasts
  8350 | Lair:1   | Found a runed translucent gate.
  8358 | Lair:1   | Found a runed translucent gate.
  8358 | Lair:1   | Found a runed translucent gate.
  8358 | Lair:1   | Noticed Koity's ghost (journeyman GrFi)
  8358 | Lair:1   | Noticed a death yak
  9291 | Lair:2   | Reached skill level 5 in Dodging
  9310 | Lair:2   | Reached skill level 5 in Fighting
  9345 | Lair:2   | Noticed a death yak
  9345 | Lair:2   | Noticed a death yak
  9362 | Lair:2   | Killed a death yak
  9373 | Lair:1   | Killed a death yak
  9397 | Lair:1   | Reached XP level 12. HP: 73/111 MP: 19/19
  9717 | Lair:2   | Reached skill level 5 in Evocations
 10049 | Lair:2   | Found a staircase to the Shoals.
 10222 | Lair:3   | Noticed a catoblepas
 10230 | Lair:3   | Killed a catoblepas
 10250 | Lair:3   | Noticed Snorg
 10274 | Lair:3   | Killed Snorg
 10382 | Lair:3   | Noticed a catoblepas
 10385 | Lair:3   | Killed a catoblepas
 10404 | Lair:3   | Found a hole to the Spider Nest.
 11246 | Lair:4   | Noticed an eight-headed hydra
 11254 | Lair:4   | Noticed a catoblepas
 11272 | Lair:4   | Killed a catoblepas
 11397 | Lair:4   | Noticed a catoblepas
 11402 | Lair:4   | Killed a catoblepas
 11425 | Lair:4   | Killed a nine-headed hydra
 11478 | Lair:4   | Identified the +10 hand axe "Zimul" {vorpal, rPois rC+
                  | Dex+3}
 11561 | Lair:4   | Reached skill level 10 in Fighting
 11566 | Lair:4   | Reached XP level 13. HP: 88/133 MP: 20/20
 12491 | Lair:5   | Reached skill level 13 in Unarmed Combat
 12563 | Lair:5   | Found a staircase to the Slime Pits.
 12852 | Lair:5   | You fall into a shaft and drop 1 floor!
 12852 | Lair:6   | Entered Level 6 of the Lair of Beasts
 12862 | Lair:6   | Reached ***** piety under Qazlal
 12890 | Lair:6   | HP: 6/133 [boulder beetle (24)]
 12894 | Lair:6   | HP: 1/133 [rime drake/flash freeze (10)]
 12899 | Lair:6   | Slain by a boulder beetle

Illustrated notes

Levels and vault maps discovered:
D:1:      dpeg_arrival_three_same_balls, layout_loops_ring,
          shapermc_ecumenical_altar_starsandcircs
D:2:      layout_basic, basic_altar, minmay_box_of_dots
D:3:      corexii_shack_village, layout_rooms, portal_sewer_entry_f
D:4:      layout_basic, serial_rivers, chequers_serial_rivers_micro_a,
          chequers_serial_rivers_small_a, chequers_serial_rivers_room_a,
          chequers_serial_rivers_marsh, chequers_serial_rivers_room_a,
          minivault_5, chequers_serial_rivers_micro_b,
          chequers_serial_rivers_room_b, uniq_pikel, uniq_ijyb
D:5:      layout_loops_corners
D:6:      layout_loops_ring, minmay_temple_entry_from_below_a,
          uniq_blork_the_orc
D:7:      layout_basic, chequers_temple_overflow_statue_of_worship,
          serial_glass, glass_columns_b, glass_columns_b,
          uniq_crazy_yiuf_cottage
D:8:      layout_cave_pools, nicolae_dithmenos_the_darkroom,
          minmay_lair_entry_grove, gammafunk_ghost_necromancy, serial_shops,
          shop
D:9:      layout_gridville, mainiacjoe_overflow_tiny_flanked, orc_0_dummy,
          grunt_decor_resistance, minmay_fire_ice_demons
Temple:   minmay_crystal_spiral_temple
Lair:1:   layout_cave_pods, gammafunk_ghost_split
Lair:2:   layout_roguey, shoals_dummy_entry, beast_lair_carwin_10
Lair:3:   layout_roguey, nicolae_spider_entry_non_spiders, forest_entry_grove,
          uniq_snorg
Lair:4:   layout_concentric_octagons
Lair:5:   layout_regular_city, nicolae_slime_entry_slimehenge,
          nicolae_lair_time_for_slime, grunt_megastairs_4, serial_bayou_shore_a,
          infiniplex_staircase_pool
Lair:6:   due_jungle_book, layout_gridlike, st_stairs_4

Skill      XL: |  1  2  3  4  5  6  7  8  9 10 11 12 13 |
---------------+----------------------------------------+-----
Dodging        | 2 5 |  5.0
Stealth        | 3 |  3.0
Unarmed Combat | 3 4 6 7 8 10 12 13 | 13.3
Invocations    | 1 2 4 5 7 8 11 | 11.8
Evocations     | 4 5 |  5.0
Fighting       | 5 10 | 10.0

Action                   |  1- 3 |  4- 6 |  7- 9 | 10-12 | 13-15 || total
-------------------------+-------+-------+-------+-------+-------++-------
Melee: Unarmed           |    67 |   214 |   199 |   397 |   111 ||   988
       Punch             |     2 |    10 |    12 |    26 |     6 ||    56
       Giant club        |       |       |       |     1 |       ||     1
Throw: Dart              |       |       |       |     3 |       ||     3
       Javelin           |       |       |       |     2 |       ||     2
Invok: Upheaval          |       |     1 |     1 |     6 |       ||     8
       Elemental Force   |       |       |       |     2 |       ||     2
Evoke: Wand              |       |     1 |     2 |     4 |       ||     7
  Use: Scroll            |       |       |       |    17 |     8 ||    25
       Potion            |       |       |       |     3 |       ||     3
 Stab: Sleeping          |     2 |     1 |       |       |       ||     3
       Paralysed         |       |       |       |     3 |       ||     3
Armor: Robe              |    16 |    58 |    46 |    76 |    22 ||   218
       Acid dragon scale |       |       |     1 |       |       ||     1
Dodge: Dodged            |    25 |    62 |    62 |   161 |    58 ||   368
       Repelled          |       |       |       |     1 |     2 ||     3
Block: Other             |       |    17 |    26 |    69 |    36 ||   148
